 Dungeon Crawl Stone Soup version 0.28.0-45-g0d030f2227 (webtiles) character file.

Game seed: 14858251024741267847

116 Bruhh the Magician (level 5, -4/40 HPs)
             Began as a Djinni Cinder Acolyte on Apr 24, 2022.
             Was a High Priest of Ignis.
             Slain by a gnoll
             ... wielding a +0 flail
              (7 damage)
             ... on level 2 of the Dungeon.
             The game lasted 00:02:31 (2728 turns).

Bruhh the Magician (Djinni Cinder Acolyte)          Turns: 2728, Time: 00:02:31

Health: -4/40      AC:  2    Str: 13    XL:     5   Next: 20%
Gold:   48         EV: 11    Int: 18    God:    Ignis [*****.] SH:  0 Dex:  8

rFire   + + +      SeeInvis .   a - -1 falchion (flame)
rCold   x . .      Faith    .   (no shield)
rNeg    . . .      Spirit   .   b - +0 robe
rPois   ∞          Reflect  .   (no helmet)
rElec   .          Harm     .   (no cloak)
rCorr   .          Rampage  .   (no gloves)
Will    .....                   (boots unavailable)
Stlth   +.........              (no amulet)
HPRegen 0.13/turn               (no ring)
MPRegen 0.00/turn               (no ring)

@: flying
A: sickness immunity, fire resistance 2, cold vulnerability 1, float, innate
caster, HP casting, extra vitality 1
a: Renounce Religion, Fiery Armour, Foxfire Swarm, Rising Flame


You were on level 2 of the Dungeon.
You worshipped Ignis.
Ignis was extremely pleased with you.
You visited 1 branch of the dungeon, and saw 2 of its levels.

You collected 48 gold pieces.

Inventory:

Hand Weapons
 a - a -1 falchion of flaming (weapon)
Armour
 b - a +0 robe (worn)
Jewellery
 e - a +6 ring of strength
Scrolls
 d - a scroll of noise {unknown}
 f - a scroll of identify {unknown}
Potions
 c - a potion of flight {unknown}
 g - a potion of magic {unknown}


   Skills:
 - Level 3.0 Fighting
 - Level 2.6 Long Blades
 + Level 4.3 Spellcasting


You had 7 spell levels left.
You knew the following spells:

 Your Spells              Type           Power      Damage    Failure   Level
a - Scorch                Fire           38%        2d7       3%          2
b - Magic Dart            Conj           76%        1d6       2%          1
c - Blink                 Tloc           38%        N/A       3%          2
Your spell library was empty.

Dungeon Overview and Level Annotations

Branches:
Dungeon (2/15)

Altars:


Innate Abilities, Weirdness & Mutations

You are immune to sickness and miasma.
You are immune to poison.
Your flesh is very heat resistant. (rF++)
You are vulnerable to cold. (rC-)
You float through the air rather than walking.
You learn spells naturally, not from books.
Your magical power is your life essence.
You have superior vitality. (+4 MHP)


Message History

Flames lash the gnoll.
The gnoll is heavily wounded.
The gnoll's fire resistance burns away.
* * * LOW HITPOINT WARNING * * *
The gnoll barely misses you.
Casting: Scorch (safe; 3% risk of failure)
Confirm with . or Enter, or press ? or * to list all spells.
Flames lash the gnoll.
The gnoll is severely wounded.
The gnoll's fire resistance burns away.
* * * LOW HITPOINT WARNING * * *
The gnoll barely misses you.
The gnoll is no longer more vulnerable to fire.
Casting: Scorch (safe; 3% risk of failure)
Confirm with . or Enter, or press ? or * to list all spells.
Flames lash the gnoll.
The gnoll is almost dead.
The gnoll's fire resistance burns away.
* * * LOW HITPOINT WARNING * * *
The gnoll closely misses you.
Casting: Scorch (safe; 3% risk of failure)
Confirm with . or Enter, or press ? or * to list all spells.
You blink.
* * * LOW HITPOINT WARNING * * *
The gnoll is no longer more vulnerable to fire.
The gnoll is no longer more vulnerable to fire.
The gnoll barely misses you.
You feel stable enough to blink again.
You see here a +0 pair of gloves.
Casting: Blink (safe; 3% risk of failure)
Confirm with . or Enter, or press ? or * to list all spells.
Flames lash the gnoll.
You kill the gnoll!
* * * LOW HITPOINT WARNING * * *
Casting: Scorch (safe; 3% risk of failure)
Confirm with . or Enter, or press ? or * to list all spells.
Flames lash the gnoll but do no damage.
* * * LOW HITPOINT WARNING * * *
The gnoll hits you with a +0 flail!
You die...

#### ######################
##..###.......@g)[.........#
###.......#################.##
.....###### #.# ###.## #####
##.# ###.#####...# ###..#
#...##....#.#### ####...##
#.####.........######....###
†. #...............w.####
†####..........########


You could see a gnoll.

Vanquished Creatures
  7 gnolls
  An adder (D:2)
  A dart slug (D:1)
  4 ball pythons
  5 endoplasms
  5 goblins
  5 hobgoblins
  A quokka (D:2)
  3 bats (D:1)
  3 frilled lizards
  4 rats (D:1)
39 creatures vanquished.

Vanquished Creatures (others)
  A fungus (D:1)
1 creature vanquished.

Grand Total: 40 creatures vanquished

Notes
Turn   | Place    | Note
-------+----------+-------------------------------------------
     0 | D:1      | Bruhh the Djinni Cinder Acolyte began the quest for the
                  | Orb.
     0 | D:1      | Reached XP level 1. HP: 20/20 MP: 0/0
   264 | D:1      | Reached XP level 2. HP: 16/25 MP: 0/0
   541 | D:1      | Reached skill level 3 in Spellcasting
   957 | D:1      | Found a faded altar of an unknown god.
   966 | D:1      | Reached XP level 3. HP: 16/30 MP: 0/0
   966 | D:1      | Learned a level 1 spell: Magic Dart
  1704 | D:1      | Reached XP level 4. HP: 17/35 MP: 0/0
  2688 | D:2      | Reached skill level 4 in Spellcasting
  2691 | D:2      | Reached XP level 5. HP: 10/40 MP: 0/0
  2691 | D:2      | Learned a level 2 spell: Blink
  2728 | D:2      | Slain by a gnoll

Illustrated notes

Levels and vault maps discovered:
D:1:      tarquinn_simple_flora_water_e, layout_basic,
          chequers_ecumenical_altar_simple_redux, minmay_shallow_snake_nest
D:2:      layout_rooms, minivault_24, uniq_sigmund

Skill      XL: |  1  2  3  4 |
---------------+-------------+-----
Spellcasting   | 3 4 |  4.3
Fighting       | |  3.0
Long Blades    | |  2.6

Action                   |  1- 3 |  4- 6 || total
-------------------------+-------+-------++-------
Melee: Falchion          |    19 |       ||    19
 Cast: Scorch            |    21 |    23 ||    44
       Blink             |       |     1 ||     1
Armor: Robe              |     3 |       ||     3
Dodge: Dodged            |    16 |     5 ||    21
